[Event "*** Titled Tuesday Blitz"]
[Site "Chess.com"]
[Date "2020.11.03"]
[Round "4"]
[White "boasovietica"]
[Black "RobertoJBM"]
[Result "1/2-1/2"]
[WhiteElo "2539"]
[BlackElo "2794"]
[TimeControl "180+1"]
[EndTime "10:43:12 PST"]
[Termination "Game drawn by agreement"]

1. e4 c6 2. d4 d5 3. exd5 cxd5 4. Bd3 Nc6 5. c3 g6 6. Ne2 Bf5 7. Bxf5 gxf5 8. Nd2 e6 9. Nf3 Nf6 10. Bg5 Be7 11. Qc1 Ne4 12. h4 Rg8 13. g3 Qd7 14.
Qe3 O-O-O 15. Bxe7 Qxe7 16. Nf4 Kb8 17. Nd3 f6 18.
O-O-O Qd6 19. Rhf1 Na5 20. Qf4 Nc4 21. Qxd6+ Ncxd6 22. Nf4 Rde8 23. Nd2 Kc7 24. Nxe4 fxe4 25. b3 b5 26.
Rfe1 f5 27. Kb2 Kd7 28. Nh5 Ke7 29. Nf4 Kf7 30. Rg1 Rc8 31. Rc1 Rc7 32. Kc2 Rgc8 33. Kd2 a5 34. Rc2 b4 35. Rgc1 bxc3+ 36. Rxc3 Rxc3 37.
Rxc3 Rxc3 38. Kxc3 Nb5+ 39. Kb2 Nxd4 40. Ka3 Ke7 41.
Ka4 Nc6 42. Kb5 Kd6 43. h5 d4 44. Kc4 d3 45. Kc3 e5 46. Ng6 Nb4 47. h6 Nd5+ 48. Kd2 Nf6 49. Nh4 Ke6 50. a3 Nd5 51. Ng2 f4 52. gxf4 exf4 53. Nh4 Kf6 54. f3 e3+ 55. Kxd3 Kg5 56. Ng2 Kxh6 57. Ke4 Nc3+ 58. Kxf4 e2 59. b4 axb4 60. axb4 Kg6 61. Ke3 Kf5 62. b5 Nxb5 63. Kxe2 Nd4+ 64. Kf2 Nxf3 65. Kxf3 1/2-1/2

[Event "*** Titled Tuesday Blitz"]
[Site "Chess.com"]
[Date "2020.11.03"]
[Round "4"]
[White "PlotnikovPavel"]
[Black "FMalexhdez"]
[Result "1/2-1/2"]
[WhiteElo "2449"]
[BlackElo "2301"]
[TimeControl "180+1"]
[EndTime "10:43:12 PST"]
[Termination "Game drawn - insufficient material"]

1. e4 c5 2. Nf3 d6 3. d4 cxd4 4. Nxd4 Nf6 5. Nc3 a6 6. Bg5 e5 7. f4 exd4 8. Qxd4 Be7 9. Be2 Nc6 10. Qd3 h6 11. Bxf6 Bxf6 12. O-O-O O-O 13. g4 Bxc3 14. Qxc3 Qa5 15. Qxa5 Nxa5 16. Rxd6 b5 17. Rhd1 Nc4 18.
R6d4 Re8 19. b3 Nb6 20. Rd6 Rb8 21. Bf3 Na8 22. e5 Nc7 23. Bc6 Rf8 24. h3 Ne6 25.
f5 Ng5 26. h4 Nh3 27. Rf1 h5 28. g5 Rb6 29. Bg2 Rxd6 30. exd6 Rd8 31. Bxh3 Rxd6 32. Rd1 Rxd1+ 33. Kxd1 g6 34. Ke2 gxf5 35. c3 Kg7 36. Kf3 f6 37. Kf4 Kg6 38. gxf6 Kxf6 39. Bg2 Be6 40. Bf3 Bf7 41. Bd1 a5 42. a4 bxa4 43.
bxa4 Be8 44. c4 Bf7 45. c5 Be8 46. Bc2 Bd7 47. Bb3 Bc6 48. Bd1 Be8 49. Bf3 Bxa4 50. c6 Ke6 51. c7 Kd7 52. Kg5 Kxc7 53. Kxh5 Be8+ 54. Kg5 a4 55. Bd5 a3 56. Ba2 Kd6 57.
Kxf5 Kc5 58. Ke4 Kb4 59. Kf5 Kc3 60. Kf6 Kb2 61. Bg8 a2 62. Bxa2 Kxa2 63. Ke7 Bh5 64. Kf6 Bg4 65. Kg7 Bd1 66. Kh6 Kb3 67. Kg5 Kc4 68. Kf6 Kd5 69. Kg7 Kd6 70. Kh6 Ke7 71. Kg5 Kf7 72. h5 Kg7 73. h6+ Kh7 74. Kf6 Bf3 75. Ke5 Kxh6 1/2-1/2

[Event "*** Titled Tuesday Blitz"]
[Site "Chess.com"]
[Date "2020.11.03"]
[Round "4"]
[White "JoliyRoger"]
[Black "DraG0s3L"]
[Result "0-1"]
[WhiteElo "2376"]
[BlackElo "2591"]
[TimeControl "180+1"]
[EndTime "10:43:15 PST"]
[Termination "DraG0s3L won on time"]

1. Nf3 Nf6 2. c4 c5 3. Nc3 Nc6 4. e3 g6 5. Be2 Bg7 6. O-O O-O 7. a3 d5 8. cxd5 Nxd5 9. Ne4 b6 10. d3 Bb7 11. Qc2 h6 12. Re1 Kh7 13. Rb1 Rc8 14. Bf1 Qd7 15. h3 e5 16. b3 f5 17. Ng3 f4 18.
Ne4 fxe3 19. fxe3 Nce7 20. Bb2 Nf5 21. Qf2 Qe7 22. Ba1 Rcd8 23. Rbc1 Nf6 24. Nxf6+ Bxf6 25. b4 Nh4 26. bxc5 Nxf3+ 27. gxf3 Bh4 28. Qb2 Qg5+ 29. Qg2 Bxe1 30. Qxg5 hxg5 31. Rxe1 bxc5 32. Bxe5 Bxf3 33. Rc1 Rc8 34. Bd6 Rfd8 35. Bxc5 Rd5 36. d4 Be4 37. Bc4 Rf5 38. Be2 Rb8 39. Bg4 Rf7 40. Rf1 Rxf1+ 41.
Kxf1 a6 42. Be6 Rb2 43. d5 Rc2 44. Bb4 Bf5 45. Bxf5 gxf5 46. Ke1 Kg6 47. d6 Rc8 48. Kf1 Kf7 49. Kf2 Ke6 50. Kf3 Rh8 51. Kg3 Rh4 52. Kg2 Rh8 53. Kg3 Ra8 54. Bc5 a5 55. h4 gxh4+ 56. Kxh4 Rc8 57. Bb6 Kxd6 58. Bxa5 Rg8 59.
Kh3 Ke5 60. Bb6 Ke4 61. Bd4 Ra8 62. Bc5 Ra5 63. Bb4 Ra4 64. Bc5 Ra5 65. Bb4 Rb5 66. Kg3 Kxe3 67. Kg2 f4 68. Be1 Ke2 69. Bf2 f3+ 70. Kg3 Ra5 71. Bd4 Rxa3 72. Be5 Ra4 0-1

[Event "*** Titled Tuesday Blitz"]
[Site "Chess.com"]
[Date "2020.11.03"]
[Round "4"]
[White "NiranjanNavalgund"]
[Black "NikolaGry"]
[Result "1/2-1/2"]
[WhiteElo "2458"]
[BlackElo "2629"]
[TimeControl "180+1"]
[EndTime "10:43:17 PST"]
[Termination "Game drawn by repetition"]

1. d4 d5 2. Nf3 Nc6 3. Bf4 Bg4 4. e3 e6 5. Nbd2 Bd6 6. Bg3 Nge7 7. c4 dxc4 8. Bxc4 O-O 9. O-O e5 10. dxe5 Bxe5 11. Be2 Bxg3 12. hxg3 h6 13. Nc4 Qxd1 14. Rfxd1 Rfd8 15. Kf1 Rxd1+ 16. Rxd1 Rd8 17. Rxd8+ Nxd8 18. Nfe5 Be6 19. a3 f6 20. Nf3 c5 21. Nd6 Nc8 22. Nb5 Kf8 23. Nd2 a6 24. Nc3 b5 25.
Nde4 c4 26. Nc5 Nd6 27. Nxa6 Ke7 28. Nc7 Bd7 29. N7d5+ Kf7 30. Ke1 Ne6 31. f3 f5 32.
Kd2 Nc5 33. Kc2 g5 34. Nb4 h5 35. Kd1 Ne6 36. Nc2 Bc6 37. Nd4 Nxd4 38. exd4 Ke6 39. Kd2 Nc8 40. d5+ Bxd5 41. Nxb5 Ke5 42. Kc3 g4 43. f4+ Kf6 44. Bxc4 Bxg2 45. Nd4 Nd6 46. Bd3 h4 47. gxh4 Be4 48. Ne2 Bf3 49.
Ng3 Be4 50. Be2 Bf3 51. Bxf3 gxf3 52. Kd3 Ne4 53. Nxe4+ fxe4+ 54. Ke3 Kf5 55. h5 Kg4 56. h6 Kg3 57. h7 f2 58. h8=Q f1=Q 59. Qg7+ Kh2 60.
Qh6+ Kg3 61. Qg5+ Kh3 62. Qh5+ Kg3 63. Kxe4 Qc4+ 64. Kf5 Qb5+ 65. Kg6 Qe8+ 66. Kh6 Qh8+ 67. Kg5 Qd8+ 68. Kf5 Qd7+ 69. Kf6 Qd6+ 70. Kg7 Qd4+ 71. Kh6 Qh8+ 72. Kg5 Qd8+ 73. Kg6 Qe8+ 74. Kh6 Qh8+ 1/2-1/2

[Event "*** Titled Tuesday Blitz"]
[Site "Chess.com"]
[Date "2020.11.03"]
[Round "4"]
[White "Gerodot71"]
[Black "vovachesss"]
[Result "1-0"]
[WhiteElo "2501"]
[BlackElo "2683"]
[TimeControl "180+1"]
[EndTime "10:43:18 PST"]
[Termination "Gerodot71 won on time"]

1. d4 Nf6 2. c4 c6 3. Nf3 d5 4.
Nc3 dxc4 5. a4 Bg4 6. Ne5 Nbd7 7. Nxc4 e6 8. f3 Bh5 9. e4 Be7 10. Be2 O-O 11. O-O Nb6 12. Be3 Nxc4 13. Bxc4 a5 14. Qc2 Qc7 15. Rad1 Rfd8 16. Kh1 Bb4 17. Bg1 Bg6 18.
Qb3 Rd7 19. Ne2 Rad8 20. Bf2 Nh5 21. Qa2 Nf4 22. Bg3 Bd6 23. e5 Nxe2 24. Bxe2 Bb4 25. Qc4 Be7 26. Bf2 Rd5 27. Bd3 Qb6 28. Be4 R5d7 29. Rd2 Qb4 30. Qxb4 Bxb4 31. Rd3 c5 32. Bxg6 hxg6 33. Rfd1 c4 34. Rc3 Bxc3 35. bxc3 b5 36. axb5 Rb8 37. Rb1 Rdb7 38. h4 Rxb5 39. Ra1 Ra8 40.
Ra4 Rb3 41. d5 exd5 42. Bd4 Kf8 43. Kh2 Ke8 44. g4 Kd7 45. e6+ fxe6 46. Bxg7 Kc6 47. h5 gxh5 48. gxh5 Kb5 49. Ra2 a4 50. h6 a3 51. Kg3 Rb2 52. Ra1 Ra7 53. Kf4 Rh2 54. Ke5 a2 55. Kxe6 Ka4 56. h7 Kb3 57. h8=Q Rxh8 58. Bxh8 Ra5 59. Bd4 Kb2 60. Rxa2+ Kxa2 61. f4 Kb2 62. f5 Ra6+ 63. Ke7 Kb3 64. f6 Ra8 65. f7 Kc2 66. f8=Q Rxf8 67. Kxf8 Kd3 68. Ke7 Ke4 69. Ke6 1-0

[Event "*** Titled Tuesday Blitz"]
[Site "Chess.com"]
[Date "2020.11.03"]
[Round "4"]
[White "BogdanDeac"]
[Black "alexrustemov"]
[Result "1/2-1/2"]
[WhiteElo "2873"]
[BlackElo "2678"]
[TimeControl "180+1"]
[EndTime "10:43:20 PST"]
[Termination "Game drawn by repetition"]

1. d4 d5 2. c4 e6 3. Nf3 Nf6 4. Nc3 Be7 5. g3 O-O 6. Bg2 c6 7. O-O Nbd7 8. b3 b6 9. Qc2 Ba6 10. Rd1 Rc8 11. Bg5 h6 12. Bxf6 Nxf6 13. Qb2 Qd6 14.
Ne5 Qa3 15. Qd2 Rfd8 16. Rac1 Bb4 17. Qd3 c5 18. Nb5 Bxb5 19. cxb5 cxd4 20. Nc6 Re8 21. Qxd4 Bc5 22. Qd3 a5 23. e3 Rc7 24. Rc2 Rec8 25.
e4 dxe4 26. Bxe4 Rd7 27. Qxd7 Nxd7 28. Rxd7 Kf8 29. Rd3 Bb4 30. Kg2 g6 31. Bf3 Kg7 32. Rd7 Rf8 33. Nd8 Be7 34. Nc6 Bf6 35. Na7 a4 36.
Rb7 axb3 37. axb3 Qxb3 38. Rcc7 Bd4 39. Nc6 Qb2 40. Nxd4 Qxd4 41. Rc6 Ra8 42. Rcc7 Rf8 43. Rc6 h5 44. Rcxb6 h4 45. gxh4 Qxh4 46. Rxe6 Qg5+ 47.
Kf1 Rd8 48. Re3 Rd2 49. Be2 Qd5 50. Bf3 Qc4+ 51. Kg2 Qc2 52. Ree7 Rxf2+ 53. Kg3 Rxf3+ 54. Kxf3 Qf5+ 55. Ke2 Qg4+ 56. Kd2 Qd4+ 57. Kc2 Qc4+ 58. Kd2 Qd4+ 59. Ke2 Qc4+ 60. Ke3 Qc3+ 61. Ke4 Qc4+ 62. Ke5 Qc5+ 63. Kf4 Qd4+ 64. Kf3 Qd3+ 65. Kf2 Qd2+ 66. Kg3 Qd3+ 67. Kf4 Qd4+ 68. Kf3 Qd3+ 69. Kf2 Qd2+ 70. Kg1 Qd1+ 71. Kg2 Qd2+ 72. Kg1 Qd1+ 73. Kf2 Qd2+ 1/2-1/2

[Event "*** Titled Tuesday Blitz"]
[Site "Chess.com"]
[Date "2020.11.03"]
[Round "4"]
[White "tylityli"]
[Black "kleopl"]
[Result "1-0"]
[WhiteElo "2281"]
[BlackElo "2428"]
[TimeControl "180+1"]
[EndTime "10:43:21 PST"]
[Termination "tylityli won by checkmate"]

1. d4 f5 2. Nf3 Nf6 3. c4 d6 4. Bf4 g6 5. Nc3 Bg7 6. e3 Nh5 7. Be2 O-O 8. O-O c6 9. h3 Nxf4 10. exf4 Qc7 11. Re1 Nd7 12. Bf1 Re8 13. Rc1 e5 14. fxe5 dxe5 15. d5 e4 16. Nd4 Ne5 17.
c5 cxd5 18. Nxd5 Qf7 19. Nb5 Rd8 20. Nd6 Qf8 21. Nc7 Rb8 22. Qb3+ Kh8 23. Ne6 Bxe6 24. Qxe6 b6 25. f4 Re8 26. Nxe8 Rxe8 27. Qb3 Nf7 28. c6 Bd4+ 29. Kh1 Bc5 30. Bc4 Nd6 31. Bd5 Qf6 32. Qa4 a5 33. c7 Rc8 34. Qd7 Qg7 35.
Qd8+ Qf8 36. Qxf8+ Rxf8 37. Be6 Kg7 38. Red1 Nc8 39.
Rd8 Na7 40. Rxf8 Kxf8 41. c8=Q+ Nxc8 42. Bxc8 Ke7 43. Ba6 Kd6 44. Bc4 Be3 45. Rd1+ Kc5 46. Bg8 Bxf4 47. Bxh7 e3 48. Bxg6 Kc4 49. Bxf5 Bg3 50.
Kg1 Kc5 51. Kf1 a4 52. Ke2 Bf2 53. g4 b5 54. g5 Bh4 55. g6 Bf6 56. Kxe3 Bxb2 57.
Kd3 b4 58. h4 Bg7 59. h5 Kd5 60. Be4+ Ke5 61. Rb1 b3 62. axb3 axb3 63. Rxb3 Kf6 64. Rb5 Bh6 65. Kd4 Bd2 66. Rd5 Be1 67. Bd3 Kg7 68.
Ke4 Kh6 69. Kf5 Bc3 70. Rd7 Bb2 71. Rh7# 1-0

[Event "*** Titled Tuesday Blitz"]
[Site "Chess.com"]
[Date "2020.11.03"]
[Round "4"]
[White "Zhigalko_Sergei"]
[Black "Baby_Legs"]
[Result "0-1"]
[WhiteElo "2904"]
[BlackElo "2705"]
[TimeControl "180+1"]
[EndTime "10:43:25 PST"]
[Termination "Baby_Legs won on time"]

1. e4 c6 2. d4 d5 3. e5 Bf5 4. Nf3 e6 5. Be2 Ne7 6. O-O Ng6 7. Ne1 h5 8. Bd3 Bxd3 9. Nxd3 Nd7 10. Nd2 Ne7 11.
Nf3 Nf5 12. Bg5 Be7 13. Bxe7 Qxe7 14. c3 g5 15. b4 a5 16. a3 g4 17. Nd2 Qg5 18. Qe2 axb4 19. axb4 Ke7 20. Nb3 b6 21. Ra2 h4 22. Rfa1 Rxa2 23. Rxa2 g3 24. fxg3 hxg3 25. h3 Qe3+ 26. Qxe3 Nxe3 27. Ra7 Nd1 28. b5 cxb5 29. Rc7 Ra8 30. h4 Ra3 31. Ndc1 Ne3 32. h5 Nf5 33. Kf1 Kd8 34. Rc6 Ra4 35. Ne2 Ke7 36. Rc7 Ra2 37.
Nbc1 Rc2 38. Rb7 Ne3+ 39. Kg1 Nf5 40. Kf1 Kd8 41. Ke1 Rb2 42. Ra7 Ke7 43. Rb7 b4 44.
cxb4 Rxb4 45. Nd3 Rb1+ 46. Kd2 Rh1 47. Ndf4 Rh4 48. Kd3 Kd8 49. Ra7 Kc8 50. Ra8+ Kc7 51. Rh8 b5 52. Rh7 Kc6 53. Rxf7 Nh6 54. Rh7 Ng4 55.
Nxe6 Nf2+ 56. Ke3 b4 57. N6f4 b3 58. Nd3 Re4+ 59. Kf3 Nxd3 60. Rh6+ Kb5 61. Nc3+ Kc4 62. Nxe4 dxe4+ 63. Kxe4 b2 64. Rc6+ N7c5+ 65. dxc5 b1=Q 66. Rb6 Nxc5+ 67. Kf4 Qxb6 0-1

[Event "*** Titled Tuesday Blitz"]
[Site "Chess.com"]
[Date "2020.11.03"]
[Round "4"]
[White "Skatchkov_V"]
[Black "chessdjw"]
[Result "1-0"]
[WhiteElo "2497"]
[BlackElo "2670"]
[TimeControl "180+1"]
[EndTime "10:43:25 PST"]
[Termination "Skatchkov_V won by resignation"]

1. d4 Nf6 2. c4 e6 3. Nf3 d5 4. g3 Bb4+ 5. Bd2 Be7 6. Bg2 O-O 7.
Qc2 Nbd7 8. O-O c6 9. Rc1 h6 10. Be1 a5 11. a4 Re8 12. Nbd2 b6 13. cxd5 cxd5 14. e4 dxe4 15. Nxe4 Bb7 16. Nc3 Rc8 17. Qe2 Nd5 18. Bd2 N7f6 19. Nb5 Nb4 20. Rxc8 Qxc8 21.
Rc1 Qd8 22. Rc7 Be4 23. Bxb4 Bxb4 24. Ne5 Bxg2 25. Kxg2 Re7 26. Rc6 Nd7 27. Qc2 Re8 28. Nd6 Bxd6 29. Rxd6 Qa8+ 30. f3 Nxe5 31. dxe5 Rc8 32.
Qb3 Qb8 33. Qxb6 Rc2+ 34. Kh3 Qxb6 35. Rxb6 Rc4 36. b3 Rc3 37. f4 g6 38. Kg4 Kg7 39. Kh3 Rd3 40. Rb5 Rc3 41. Kg2 g5 42. fxg5 hxg5 43.
g4 f6 44. exf6+ Kxf6 45. Kf2 Rd3 46. Ke2 Rh3 47. Kd1 e5 48. Ke1 e4 49. Rf5+ Kg6 50. Rxa5 Rxb3 51. Ra6+ Kf7 52. Ke2 Rh3 53.
a5 Rxh2+ 54. Ke3 Rg2 55. Rb6 Rg3+ 56. Kxe4 Rxg4+ 57. Kf5 Ra4 58. a6 g4 59. Rb7+ Kf8 60. a7 g3 61. Rb8+ Kf7 62. a8=Q Rxa8 63. Rxa8 g2 64.
Ra1 1-0

[Event "*** Titled Tuesday Blitz"]
[Site "Chess.com"]
[Date "2020.11.03"]
[Round "4"]
[White "Chopper1905"]
[Black "tdf98pantani"]
[Result "1/2-1/2"]
[WhiteElo "2920"]
[BlackElo "2702"]
[TimeControl "180+1"]
[EndTime "10:43:27 PST"]
[Termination "Game drawn - insufficient material"]

1. d4 d5 2. Bf4 c5 3. e3 Nc6 4. c3 e6 5. Nd2 Bd6 6. Ngf3 Nge7 7. Bd3 b6 8. O-O Bb7 9. Qe2 Ng6 10. Bg3 O-O 11. Rad1 c4 12. Bxg6 hxg6 13. Bxd6 Qxd6 14. e4 Qf4 15. Rfe1 b5 16. e5 Rae8 17. Nf1 f6 18. Rd2 g5 19. h3 Bc8 20. Qd1 Qf5 21. Rde2 Rf7 22. Ne3 Qd3 23. exf6 gxf6 24. Nxd5 Qg6 25. Ne3 Rd8 26. Qc2 Qg7 27. Ng4 Ne7 28. a4 a6 29.
axb5 axb5 30. Ne3 Bb7 31. d5 Nxd5 32. Nxd5 Bxd5 33. Nd4 e5 34. Nf5 Qh7 35. Rd2 Rfd7 36. Red1 Be6 37. Rxd7 Rxd7 38. Rxd7 Qxd7 39. Ne3 f5 40. g4 e4 41. gxf5 Bxf5 42. f3 Bg6 43. Ng4 Qd6 44. fxe4 Qg3+ 45. Qg2 Qe1+ 46. Qf1 Qg3+ 47.
Qg2 Qxg2+ 48. Kxg2 Bxe4+ 49. Kf2 Kg7 50. Ne5 Kf6 51. Nd7+ Kf5 52. Kg3 Bc6 53. Nc5 Ke5 54. Kg4 Kd5 55. Na6 Bd7+ 56. Kxg5 Bxh3 57. Kf6 Ke4 58.
Ke7 Kd3 59. Nb4+ Kd2 60. Kd6 Kc1 61. Kc6 Kxb2 62. Kxb5 Kxc3 63. Kc5 Bg2 64. Na2+ Kb3 65. Nc1+ Kc2 66. Kxc4 1/2-1/2

[Event "*** Titled Tuesday Blitz"]
[Site "Chess.com"]
[Date "2020.11.03"]
[Round "4"]
[White "Vladislav_Chizhikov"]
[Black "tsvet2005"]
[Result "0-1"]
[WhiteElo "2501"]
[BlackElo "2719"]
[TimeControl "180+1"]
[EndTime "10:43:33 PST"]
[Termination "tsvet2005 won on time"]

1. e4 c5 2. Nf3 d6 3. c3 Nf6 4. Be2 Nc6 5. d4 cxd4 6. cxd4 Nxe4 7. d5 Qa5+ 8. Nc3 Nxc3 9. bxc3 Ne5 10. Qd4 Nxf3+ 11.
Bxf3 Qb6 12. Qh4 e5 13. dxe6 Bxe6 14. Be3 Qc7 15. Qa4+ Bd7 16. Qe4+ Be7 17. O-O Bc6 18. Qc4 O-O 19. Bf4 Rac8 20. Bxc6 bxc6 21. Rfe1 Bf6 22.
Qd3 Rfd8 23. Rad1 Qa5 24. Bxd6 Qxc3 25. Qe4 h6 26. Bg3 Rxd1 27. Rxd1 Qb2 28. Qc4 Qb5 29. Qc2 c5 30. h3 c4 31. Bf4 c3 32. Be3 a6 33.
Rb1 Qd5 34. Rb4 Qc6 35. a4 Rd8 36. Rb1 Qd5 37. a5 Qd3 38. Rc1 Qxc2 39. Rxc2 Rd5 40. Bb6 Rb5 41. Kf1 Rb2 42. Rc1 c2 43. Be3 Bc3 44.
Ke2 Bxa5 45. Kd3 Bb6 46. Bxb6 Rxb6 47. Rxc2 Rb8 48. Ra2 Ra8 49. Ra5 Kf8 50. Kd4 Ke7 51. Kd5 g6 52. f4 h5 53. f5 g5 54. g4 Kf6 55. Kd6 hxg4 56. hxg4 Rb8 57. Rxa6 Rb4 58. Kd5+ Kg7 59. Ke5 Rxg4 60. f6+ Kg6 61. Rb6 Rf4 62. Rb8 Rf5+ 63. Ke4 Rxf6 64. Rg8+ Kh6 65. Ke5 Rf1 66.
Ke4 f6 67. Ke3 Kh5 68. Ke2 Rf4 69.
Ke3 Kg4 0-1

[Event "*** Titled Tuesday Blitz"]
[Site "Chess.com"]
[Date "2020.11.03"]
[Round "4"]
[White "Maghalashvili"]
[Black "SantoBlue"]
[Result "1-0"]
[WhiteElo "2695"]
[BlackElo "2892"]
[TimeControl "180+1"]
[EndTime "10:43:34 PST"]
[Termination "Maghalashvili won by checkmate"]

1. Nf3 Nf6 2. g3 g6 3. Bg2 Bg7 4. c4 O-O 5. O-O d6 6. d4 c6 7.
Nc3 Qb6 8. b3 e5 9. Ba3 Rd8 10.
Rc1 Bg4 11. Bxd6 Bxf3 12. Bxf3 Qxd4 13. Bxe5 Qb6 14. Qc2 Nbd7 15. Bf4 Nf8 16. Rfd1 Ne6 17. Na4 Qa5 18. Bd2 Qe5 19. Bc3 Qg5 20. Rxd8+ Rxd8 21. Rd1 Re8 22. Nb2 Qh6 23. Nd3 Ng5 24. Bg2 Ng4 25.
h4 Bxc3 26. Qxc3 Ne6 27. Ne5 Nxe5 28. Qxe5 Qf8 29. Qf6 Nc5 30. b4 Ne6 31. Rd7 Ng7 32. Rxb7 Rxe2 33. Qxc6 Nh5 34. Bd5 Re1+ 35. Kg2 Re7 36.
c5 Kg7 37. b5 Rxb7 38. Qxb7 Qxc5 39. Qxf7+ Kh6 40. Bc6 Qd4 41. Qf8+ Ng7 42. Qf4+ Qxf4 43. gxf4 Ne6 44. a4 Kg7 45. a5 Nc5 46. b6 axb6 47.
axb6 Kf6 48. b7 Na6 49. Kf3 Ke7 50. Bd5 Kd6 51. Bg8 h6 52. Bh7 Kc7 53. Bxg6 Nc5 54.
Kg4 Kxb7 55. Kh5 Kc7 56. Kxh6 Kd6 57. Bf7 Ke7 58. Kg7 Nd3 59. h5 Nxf2 60. h6 Nh3 61. h7 Nxf4 62. h8=Q Kd6 63. Qh2 Ke7 64. Qxf4 Kd8 65.
Kf6 Kd7 66. Qd4+ Kc7 67. Ke6 Kb7 68. Qc5 Kb8 69. Kd7 Ka8 70. Qb4 Ka7 71. Kc7 Ka6 72. Qa4# 1-0

[Event "*** Titled Tuesday Blitz"]
[Site "Chess.com"]
[Date "2020.11.03"]
[Round "4"]
[White "Nikolaj_6"]
[Black "MashaFromRussia"]
[Result "1/2-1/2"]
[WhiteElo "2551"]
[BlackElo "2347"]
[TimeControl "180+1"]
[EndTime "10:43:34 PST"]
[Termination "Game drawn - insufficient material"]

1. e4 c5 2. Nf3 Nc6 3. c3 d5 4.
exd5 Qxd5 5. d4 Bf5 6. Be3 e6 7. c4 Qd7 8. Nc3 cxd4 9. Nxd4 Nxd4 10. Qxd4 Qxd4 11. Bxd4 a6 12. O-O-O O-O-O 13. Be2 Nf6 14. f3 Bd6 15. Be3 Be5 16. Na4 Nd7 17. g4 Bg6 18. h4 h5 19. f4 Bc7 20. g5 e5 21.
fxe5 Nxe5 22. b3 Rhe8 23. Nb6+ Kb8 24. Nd5 Bd6 25. Bb6 Ba3+ 26. Kd2 Rxd5+ 27. cxd5 Bb4+ 28. Kc1 Nd7 29. Bd3 Bxd3 30. Rxd3 Nxb6 31. Rf1 Re7 32. d6 Rd7 33. Rfd1 Nc8 34. Kb2 Bxd6 35. a3 Be5+ 36.
Ka2 Rc7 37. b4 Rc2+ 38. Kb1 Rb2+ 39. Kc1 Ra2 40. Kb1 Ra1+ 41. Kc2 Rxd1 42. Rxd1 Kc7 43.
Kd3 Nd6 44. Rf1 Bg3 45. Rh1 Nf5 46. Ke4 g6 47. Kf3 Kc6 48. Rh3 Be1 49. Kf4 Kd5 50. Rd3+ Ke6 51. Rd1 Bxh4 52. Rc1 Bg3+ 53. Ke4 h4 54. Rc8 h3 55. Rh8 h2 56. a4 Kd6 57. a5 Kc6 58. Kf3 Kb5 59. Kg2 Kxb4 60.
Rb8 Kxa5 61. Rxb7 Bf4 62. Rxf7 Bxg5 63. Kxh2 Kb5 64. Kh3 a5 65. Rb7+ Kc6 66. Rb1 a4 67.
Ra1 Kb5 68. Rg1 Be3 69. Rxg6 a3 70. Rf6 Nd4 71. Rf8 a2 72. Ra8 Nb3 73. Rxa2 Kc4 74. Ra4+ Kc3 75. Ra3 Bd4 76. Rxb3+ Kxb3 1/2-1/2

[Event "*** Titled Tuesday Blitz"]
[Site "Chess.com"]
[Date "2020.11.03"]
[Round "4"]
[White "Everyfishknows"]
[Black "Ashedu66"]
[Result "1/2-1/2"]
[WhiteElo "2412"]
[BlackElo "2241"]
[TimeControl "180+1"]
[EndTime "10:43:34 PST"]
[Termination "Game drawn - insufficient material"]

1. Nf3 d5 2. c4 e6 3. b3 Nf6 4.
g3 Be7 5. Bg2 O-O 6. O-O c6 7.
Bb2 a5 8. d4 a4 9. Nc3 a3 10.
Bc1 Qa5 11. Bd2 Qa6 12. Ne5 Nbd7 13. Nxd7 Bxd7 14. c5 b6 15. cxb6 Qxb6 16. e3 c5 17. dxc5 Bxc5 18. Rc1 Rac8 19. Qe2 Rfd8 20. Rc2 Bf8 21.
Rfc1 h6 22. Na4 Qb8 23. Nc5 Bb5 24. Qe1 Bxc5 25. Rxc5 Rxc5 26. Rxc5 Ne4 27. Bxe4 dxe4 28. Ba5 Rd7 29. Qc1 Kh7 30. h3 Qd6 31. Rc2 Qd1+ 32.
Qxd1 Rxd1+ 33. Kh2 Rb1 34. Bc3 Bd3 35. Rd2 f5 36. f4 g5 37. Kg2 Kg6 38. Kf2 h5 39.
Bb4 h4 40. gxh4 gxf4 41. exf4 Rf1+ 42. Ke3 Rf3+ 43. Kd4 Rxf4 44. Bxa3 Rxh4 45. Bd6 Kf7 46. Rh2 Ke8 47. Ke5 Kd7 48. Bc5 Kc6 49. Bf2 Rh8 50.
h4 Rd8 51. h5 Rd5+ 52. Kf4 e5+ 53. Kg5 f4 54. h6 e3 55. Be1 Bh7 56. Kf6 f3 57. Kg7 Rd7+ 58. Kf6 e4 59. Rc2+ Kb7 60. Ke5 f2 61. Bxf2 exf2 62. Rxf2 Re7+ 63. Kf6 Rd7 64. Rg2 Kc6 65. Ke5 e3 66. Kf4 Rd2 67. Rg1 e2 68. Re1 Rxa2 69. Ke3 Kd5 70. Rxe2 Rxe2+ 71. Kxe2 Kc5 72.
Kd2 Kb4 73. Ke3 Kxb3 74. Kf4 Kc4 75. Ke5 Kc5 76. Kf6 Bb1 77. Kg7 Kd6 78. h7 Bxh7 1/2-1/2

[Event "*** Titled Tuesday Blitz"]
[Site "Chess.com"]
[Date "2020.11.03"]
[Round "4"]
[White "Lagmantr"]
[Black "ChSalas"]
[Result "1/2-1/2"]
[WhiteElo "2715"]
[BlackElo "2517"]
[TimeControl "180+1"]
[EndTime "10:43:35 PST"]
[Termination "Game drawn by repetition"]

1. e4 e5 2. Nf3 Nc6 3. Nc3 Nf6 4. Be2 Bc5 5. Nxe5 Nxe5 6. d4 Bd6 7. dxe5 Bxe5 8. Nb5 c6 9. Nd6+ Bxd6 10. Qxd6 Qa5+ 11.
c3 Nxe4 12. Qd4 Nf6 13. Qe3+ Kf8 14. O-O d5 15. Re1 Be6 16. Bd2 Qb6 17. Qd3 Re8 18. Be3 Qc7 19. Bxa7 b6 20. Qa6 Nd7 21. Qa3+ c5 22. b4 c4 23. b5+ Kg8 24. Bg4 h5 25. Bh3 Kh7 26. Bxe6 fxe6 27. Qa4 Nc5 28. Qc2+ g6 29.
Bxb6 Qxb6 30. a4 Nd3 31. Reb1 Rhf8 32. a5 Qc5 33. Rf1 Qxb5 34. a6 Qc5 35. Qe2 Rf7 36.
Ra2 Ra7 37. g4 hxg4 38. Qxg4 Kg7 39. Kh1 Qc6 40. Rg1 e5 41. f3 d4 42. cxd4 c3 43. d5 Qd6 44. Rag2 Nf4 45. Rc2 Qxd5 46. Rxc3 Ree7 47. Rc2 Rxa6 48. Rc8 Rf6 49. Qh4 Nh5 50. Qxh5 Qxf3+ 51. Qxf3 Rxf3 52. Rc6 e4 53. Rcxg6+ Kf7 54. Rg7+ Ke8 55. Rg8+ Kd7 56. Rd1+ Ke6 57. Rg4 Ke5 58. Rg5+ Kf4 59. Rdd5 e3 60. Kg2 Rf2+ 61. Kg1 Kf3 62. Rdf5+ Ke2 63. Ra5 Rd7 64. Ra2+ Rd2 65. Rxd2+ Kxd2 66.
Rd5+ Ke2 67. h4 Rf6 68. h5 Kf3 69. Kf1 Ra6 70. Rf5+ Ke4 71. Rf8 Ra1+ 72. Ke2 Ra2+ 73. Ke1 Rh2 74. Re8+ Kf3 75. Rf8+ Kg4 76. Re8 Kf4 77.
Rf8+ Ke4 78. Rh8 Kf3 79. Rf8+ Ke4 1/2-1/2

[Event "*** Titled Tuesday Blitz"]
[Site "Chess.com"]
[Date "2020.11.03"]
[Round "4"]
[White "Indianlad"]
[Black "sjam6687"]
[Result "1-0"]
[WhiteElo "2948"]
[BlackElo "2711"]
[TimeControl "180+1"]
[EndTime "10:43:36 PST"]
[Termination "Indianlad won on time"]

1. b3 d5 2. Bb2 Nf6 3. Nf3 Bf5 4.
g3 e6 5. Bg2 Be7 6. O-O O-O 7.
d3 h6 8. Nbd2 Nbd7 9. Ne5 Nxe5 10. Bxe5 c5 11. e4 Bh7 12. Qe2 Rc8 13. Rae1 Nd7 14.
Bb2 d4 15. f4 b5 16. Ra1 a5 17. a4 b4 18. Kh1 Qc7 19. Rae1 Nb6 20. h4 Bd6 21. Kh2 e5 22. f5 f6 23. g4 Be7 24.
Rh1 Kf7 25. Reg1 Ke8 26. Kg3 Kd7 27. Kf2 Kc6 28. Nf3 Bg8 29. g5 fxg5 30. hxg5 hxg5 31. Bh3 Nd7 32. Ke1 Kb7 33. Bc1 Qd8 34. Bxg5 Bf6 35.
Kd1 Bf7 36. Bd2 c4 37. dxc4 Nc5 38. Ne1 Nxa4 39. bxa4 Bxc4 40. Qf3 Qe7 41. Bf1 Rfd8 42. Bxc4 Rxc4 43. Qd3 Qc5 44. Rh7 Rd7 45. Rg6 Rc7 46. Bg5 Bxg5 47. Rxg5 Rc3 48. Qb5+ Qxb5 49. axb5 Kb6 50.
Rgxg7 Rxg7 51. Rxg7 d3 52. Nxd3 b3 53. Rg1 a4 54. f6 a3 55. f7 a2 56. Kd2 Rxc2+ 57.
Ke3 Rc8 58. Nxe5 Kxb5 59. Nd3 Rf8 60. e5 Rxf7 61. Kd4 Ra7 62. Ra1 1-0

[Event "*** Titled Tuesday Blitz"]
[Site "Chess.com"]
[Date "2020.11.03"]
[Round "4"]
[White "Shield12"]
[Black "crywolf1986"]
[Result "1-0"]
[WhiteElo "2909"]
[BlackElo "2573"]
[TimeControl "180+1"]
[EndTime "10:43:37 PST"]
[Termination "Shield12 won by resignation"]

1. e4 c6 2. d4 d5 3. exd5 cxd5 4. Bd3 Nc6 5. c3 Qc7 6. h3 g6 7. Nf3 Bf5 8. Be2 Nf6 9. O-O Bg7 10. Be3 O-O 11. Nbd2 Rac8 12. Nb3 Rfd8 13. Qc1 Ne4 14. Bf4 e5 15. dxe5 Nxe5 16. Nxe5 Bxe5 17. Bxe5 Qxe5 18. Qe3 Re8 19. Rad1 Nc5 20. Qxe5 Rxe5 21. Nd4 Ne6 22.
Nxf5 gxf5 23. Bf3 Rd8 24. Rd2 d4 25. Rfd1 Kg7 26. cxd4 Rb5 27. d5 Ng5 28. Be2 Rb6 29. f3 f6 30. d6 Rd7 31. Bc4 f4 32. Rd4 Nf7 33. Bxf7 Kxf7 34. R1d2 Ke6 35. Re4+ Kf7 36. Rxf4 Rdxd6 37. Rxd6 Rxd6 38. Rb4 b6 39. Kf2 Rd2+ 40. Kg3 Kg6 41. h4 h5 42. Rb5 Rc2 43. a4 Rd2 44.
Kh3 Rf2 45. b3 Kh6 46. Rb4 Kg6 47. Rc4 Rb2 48. Rc3 a6 49. g4 b5 50. axb5 axb5 51. gxh5+ Kh6 52. Kg4 b4 53. Re3 Rb1 54. Kf5 Kxh5 55.
Kxf6 Kxh4 56. f4 Kg4 57. f5 Kf4 58. Rh3 Ke4 59. Rh4+ Kd5 60. Rxb4 Rh1 61. Kg7 Rg1+ 62. Kf7 Ke5 63. f6 Rf1 64. Rb5+ Kd6 65. Kg7 Rg1+ 66.
Kf8 Kd7 67. f7 Rg4 68. Re5 Kd8 69. b4 Kd7 70. b5 Kd8 71. b6 Rb4 72. Kg7 Rg4+ 73.
Kf6 Rf4+ 74. Rf5 Rxf5+ 75. Kxf5 Ke7 76. b7 Kxf7 77. b8=Q 1-0